 Dungeon Crawl Stone Soup version 0.31-a0-851-g7ff8af7976 (webtiles) character file.

Game seed: 1480772589526800558

15 croobank the Covert (level 2, 0/29 HPs)
             Began as a Gnoll Delver on Oct 5, 2023.
             Slain by an endoplasm (3 damage)
             ... on level 2 of the Dungeon.
             The game lasted 00:01:29 (260 turns).

croobank the Covert (Gnoll Delver)                   Turns: 260, Time: 00:01:30

Health: 0/29       AC:  3    Str: 11    XL:     2   Next: 50%
Magic:  2/2        EV: 13    Int:  9    God:
Gold:   15         SH:  0    Dex: 13    Spells: 1/1 levels left

rFire   . . .        a - +0 short sword
rCold   . . .        (no shield)
rNeg    . . .        b - +0 leather armour
rPois   .            (no helmet)
rElec   .            (no cloak)
rCorr   .            (no gloves)
SInv    .            (no boots)
Will    .....        (no amulet)
Stlth   ++++         (no ring)
HPRegen 0.24/turn    (no ring)
MPRegen 0.08/turn

%: no passive effects
@: hasted, very quick
A: fangs 1, strong nose, distributed training
a: no special abilities


You were on level 2 of the Dungeon.
You visited 1 branch of the dungeon, and saw 5 of its levels.

You collected 15 gold pieces.

Inventory:

Hand Weapons
 a - a +0 short sword (weapon)
Missiles
 h - 6 poisoned darts
Armour
 b - a +0 leather armour (worn)
Wands
 g - a wand of digging (3)
Scrolls
 c - a scroll of fog
 d - a scroll of revelation
 e - a scroll of vulnerability {unknown}
 i - a scroll of silence {unknown}


   Skills:
 + Level 6.5 Fighting
 + Level 4.5 Short Blades
 + Level 0.4 Long Blades
 + Level 0.4 Axes
 + Level 0.4 Maces & Flails
 + Level 0.4 Polearms
 + Level 0.4 Staves
 + Level 0.4 Ranged Weapons
 + Level 0.4 Throwing
 + Level 0.4 Armour
 + Level 4.5 Dodging
 + Level 9.5 Stealth
 + Level 0.4 Shields
 + Level 0.4 Unarmed Combat
 + Level 0.4 Spellcasting
 + Level 0.2 Conjurations
 + Level 0.2 Hexes
 + Level 0.2 Summonings
 + Level 0.2 Necromancy
 + Level 0.2 Translocations
 + Level 0.2 Transmutations
 + Level 0.2 Fire Magic
 + Level 0.2 Ice Magic
 + Level 0.2 Air Magic
 + Level 0.2 Earth Magic
 + Level 0.2 Poison Magic
 + Level 0.5 Invocations
 + Level 0.4 Evocations
 + Level 0.3 Shapeshifting


You had one spell level left.
You didn't know any spells.
Your spell library contained the following spells:

 Spells                   Type           Power      Damage    Failure   Level
 Ensorcelled Hibernation  Hex/Ice        0%         N/A       56%         2
 Jinxbite                 Hex            0%         N/A       56%         2
 Anguish                  Hex/Necr       0%         N/A       99%         4


Dungeon Overview and Level Annotations

Branches:
Dungeon (6/15)
 Temple: D:4-7

Altars:


Innate Abilities, Weirdness & Mutations

You have very sharp teeth.
Your uncanny sense of smell can sniff out nearby items.
Your experience applies equally to all skills.


Message History

You are frozen.
The adder misses you. The giant cockroach bites you.
You miss the adder.
The adder is heavily wounded.
The adder bites you. The endoplasm hits you. The giant cockroach bites you.
You hit the adder but do no damage.
The adder is heavily wounded.
The adder bites you. The endoplasm misses you.
The giant cockroach closely misses you.
You completely miss the adder.
The adder is heavily wounded.
The adder bites you. The giant cockroach closely misses you.
You hit the adder. Your bite misses the adder.
The adder is almost dead.
The endoplasm freezes you.
You are frozen.
The adder bites you but does no damage.
The giant cockroach bites you but does no damage.
You hit the adder.
You kill the adder!
The endoplasm freezes you.
You are frozen.
The giant cockroach bites you.
You have reached level 2!
You hit the endoplasm.
You punch the endoplasm, but do no damage.
The endoplasm is heavily wounded.
The endoplasm freezes you.
You are frozen.
* * * LOW HITPOINT WARNING * * *
The giant cockroach bites you.
* * * LOW HITPOINT WARNING * * *
You feel yourself speed up. The giant cockroach barely misses you.
The endoplasm hits you.
* * * LOW HITPOINT WARNING * * *
You hit the endoplasm but do no damage.
The endoplasm is heavily wounded.
You hit the endoplasm.
The endoplasm is severely wounded.
The giant cockroach bites you.
* * * LOW HITPOINT WARNING * * *
The endoplasm hits you.
You die...

.J.. #... ###
#..# .. #.. .###
###.###...#
#......##.######
#...............
#.......BJ...#
#.......@....#
#######......#
#.....>#
#......#
#......#
########


You could see an endoplasm and a giant cockroach.

Vanquished Creatures
  An adder (D:2)
  A dart slug (D:4)
  An orc (D:6)
  A ball python (D:3)
  A bat (D:2)
5 creatures vanquished.

Notes
Turn   | Place    | Note
-------+----------+-------------------------------------------
     0 | D:5      | Reached skill level 9 in Stealth
     0 | D:5      | croobank the Gnoll Delver began the quest for the Orb.
     0 | D:5      | Reached XP level 1. HP: 23/23 MP: 1/1
    50 | D:6      | Noticed a sleepcap
    54 | D:6      | Noticed a jelly
   257 | D:2      | Reached XP level 2. HP: 9/29 MP: 2/2
   260 | D:2      | Slain by an endoplasm

Illustrated notes

Levels and vault maps discovered:
D:2:      layout_rooms, minmay_ruptured, uniq_robin
D:3:      layout_basic, mainiacjoe_overflow_boulevard
D:4:      dreamdust_elfheim, layout_cave_pools, uniq_pikel, uniq_natasha,
          uniq_blork_the_orc
D:5:      layout_gridville, uniq_sigmund, uniq_eustachio
D:6:      layout_rooms, mainiacjoe_overflow_alcove_1, zin_angel,
          gammafunk_ghost_necromancy, uniq_menkaure

Skill      XL: | |
---------------+-+-----
Stealth        | |  9.5
Fighting       | |  6.5
Short Blades   | |  4.5
Long Blades    | |  0.4
Axes           | |  0.4
Maces & Flails | |  0.4
Polearms       | |  0.4
Staves         | |  0.4
Ranged Weapons | |  0.4
Throwing       | |  0.4
Armour         | |  0.4
Dodging        | |  4.5
Shields        | |  0.4
Unarmed Combat | |  0.4
Spellcasting   | |  0.4
Conjurations   | |  0.2
Hexes          | |  0.2
Summonings     | |  0.2
Necromancy     | |  0.2
Translocations | |  0.2
Transmutations | |  0.2
Fire Magic     | |  0.2
Ice Magic      | |  0.2
Air Magic      | |  0.2
Earth Magic    | |  0.2
Poison Magic   | |  0.2
Invocations    | |  0.5
Evocations     | |  0.4
Shapeshifting  | |  0.3

Action                     || total
---------------------------++-------
  Melee: Short sword       ||    37
         Bite              ||     4
         Punch             ||     1
    Use: Scroll            ||     1
         Potion            ||     1
   Stab: Sleeping          ||     1
 Armour: Leather armour    ||    24
  Dodge: Dodged            ||    19

Table legend: (Time is in decaauts)
 A = Elapsed time spent in this place.
 B = Non-inter-level travel time spent in this place.
 C = Inter-level travel time spent in this place.
 D = Time resting spent in this place.
 E = Time spent auto-exploring this place.
 F = Levels seen in this place.
 G = Mean time per level.
                   A        B        C        D        E       F      G
               +--------+--------+--------+--------+--------+-----+--------+
         Total |    251 |    251 |      0 |     24 |     88 |   5 |   50.2 |
       Dungeon |    251 |    251 |      0 |     24 |     88 |   5 |   50.2 |
               +--------+--------+--------+--------+--------+-----+--------+

Top non-repeatable levels by time:
     D:4: 86 daAuts
     D:6: 59 daAuts
     D:3: 54 daAuts
     D:5: 29 daAuts
     D:2: 21 daAuts
